[ AOE2 MATCH · #505145661 ]
UnrankedMongols vs Mongols
Player's team · WIN
Rival team · LOSS
[ REPLAY ANALYSIS · EXTRACTED FROM THE RECORDED GAME ]
Feudal
10:59
Castle
14:44
Imperial
—
| APM avg | 44.7 |
| APM peak | 93 |
| eAPM avg | 25.0 |
| Villagers / military | 51 / 21 |
Focus
⚔️ 29.7% · 🌾 70.3%
Steppe Lancer ×15 · Fishing Ship ×8 · Mangonel ×4 · Militia ×1 · Spearman ×1
Feudal
8:51
Castle
—
Imperial
—
| APM avg | 72.9 |
| APM peak | 131 |
| eAPM avg | 27.2 |
| Villagers / military | 56 / 48 |
Focus
⚔️ 35.4% · 🌾 64.6%
Archer ×33 · Spearman ×8 · Scout Cavalry ×7
Match map
Initial resources + every placement click. Lines = walls · curves = elevation contours. ◆ gold · ⬟ stone · ● berries · ✦ relic · ◌ wall gap
Your base· ✓ Closed at 14:44 · 25t walls · no gate
KARA___'s base· Open — opponent sealed themselves in
Smoothed initial terrain · ◌ = detected wall gap · hover for details
Inputs per minute
— WhiteForest - - KARA___
Build order — WhiteForest
142 actions detected in the replay
| 0:01 | Queue | Villager (Male) ×4 |
| 0:04 | Build | House |
| 0:18 | Research | Loom |
| 0:18 | Queue | Villager (Male) |
| 0:18 | Queue | Villager (Male) |
| 0:19 | Queue | Villager (Male) |
| 0:19 | Queue | Villager (Male) |
| 0:42 | Build | Palisade Wall |
| 1:14 | Build | Palisade Wall |
| 1:29 | Build | House |
| 1:31 | Build | Lumber Camp |
| 1:51 | Queue | Villager (Male) |
| 1:52 | Queue | Villager (Male) |
| 2:28 | Queue | Villager (Male) |
| 2:48 | Queue | Villager (Male) |
| 3:18 | Queue | Villager (Male) |
| 3:19 | Queue | Villager (Male) |
| 3:33 | Queue | Villager (Male) |
| 3:34 | Queue | Villager (Male) |
| 4:07 | Queue | Villager (Male) |
| 4:13 | Build | House |
| 4:19 | Queue | Villager (Male) |
| 4:19 | Queue | Villager (Male) |
| 4:48 | Queue | Villager (Male) |
| 4:55 | Build | Dock |
| 4:59 | Queue | Villager (Male) |
| 5:25 | Queue | Villager (Male) |
| 5:25 | Queue | Villager (Male) |
| 5:33 | Queue | Fishing Ship |
| 5:35 | Build | House |
| 5:56 | Queue | Villager (Male) |
| 6:01 | Queue | Villager (Male) |
| 6:05 | Queue | Fishing Ship |
| 6:37 | Queue | Fishing Ship |
| 6:43 | Queue | Villager (Male) |
| 7:23 | Queue | Villager (Male) |
| 7:34 | Queue | Villager (Male) |
| 7:38 | Queue | Fishing Ship |
| 7:43 | Build | House |
| 7:52 | Build | Palisade Wall |
| 8:03 | Build | Mill |
| 8:11 | Queue | Villager (Male) |
| 8:33 | Research | Feudal Age |
| 8:45 | Build | Mining Camp |
| 9:01 | Build | Palisade Wall |
| 9:25 | Build | Palisade Wall |
| 9:41 | Build | Palisade Wall |
| 10:05 | Build | Palisade Wall |
| 10:29 | Build | Palisade Wall |
| 10:59 | Age | Feudal Age |
| 11:01 | Build | Market |
| 11:06 | Build | Blacksmith |
| 11:07 | Queue | Villager (Male) |
| 11:08 | Queue | Villager (Male) |
| 11:42 | Build | Watch Tower |
| 12:04 | Research | Castle Age |
| 12:40 | Build | House |
| 12:46 | Research | Fletching |
| 12:46 | Research | Fletching |
| 13:00 | Research | Double-Bit Axe |
| 13:00 | Research | Double-Bit Axe |
| 13:45 | Build | Barracks |
| 14:44 | Age | Castle Age |
| 15:00 | Build | Stable |
| 15:01 | Queue | Villager (Male) |
| 15:04 | Build | Siege Workshop |
| 15:05 | Build | House |
| 15:30 | Queue | Mangonel |
| 15:39 | Build | House |
| 15:54 | Queue | Steppe Lancer |
| 16:00 | Build | Fish Trap |
| 16:01 | Queue | Villager (Male) |
| 16:01 | Queue | Villager (Male) |
| 16:44 | Queue | Steppe Lancer |
| 16:48 | Build | House |
| 17:02 | Build | Fish Trap |
| 17:05 | Build | Fish Trap |
| 17:11 | Queue | Steppe Lancer |
| 17:13 | Queue | Villager (Male) |
| 17:33 | Queue | Villager (Male) |
| 17:40 | Queue | Villager (Male) |
| 17:43 | Queue | Fishing Ship |
| 17:45 | Build | Fish Trap |
| 18:26 | Queue | Mangonel |
| 18:31 | Queue | Villager (Male) |
| 18:31 | Queue | Villager (Male) |
| 18:34 | Build | Fish Trap |
| 18:47 | Build | House |
| 19:01 | Queue | Steppe Lancer |
| 19:03 | Queue | Villager (Male) |
| 19:03 | Build | House |
| 19:04 | Build | House |
| 19:23 | Queue | Villager (Male) |
| 19:33 | Queue | Fishing Ship |
| 19:50 | Queue | Steppe Lancer |
| 19:57 | Queue | Villager (Male) |
| 20:16 | Queue | Steppe Lancer |
| 20:17 | Queue | Villager (Male) |
| 20:27 | Build | Mining Camp |
| 20:35 | Queue | Steppe Lancer |
| 21:10 | Queue | Steppe Lancer |
| 21:18 | Build | Farm |
| 21:19 | Build | Farm |
| 21:23 | Build | Fish Trap |
| 21:54 | Queue | Steppe Lancer |
| 22:05 | Queue | Mangonel |
| 22:05 | Queue | Mangonel |
| 22:14 | Queue | Fishing Ship |
| 22:16 | Queue | Villager (Male) |
| 22:16 | Queue | Villager (Male) |
| 22:44 | Build | House |
| 23:29 | Build | Blacksmith |
| 23:45 | Queue | Steppe Lancer |
| 23:55 | Queue | Villager (Male) |
| 23:57 | Build | Farm |
| 23:57 | Build | Farm |
| 23:58 | Build | Farm |
| 24:00 | Research | Horse Collar |
| 24:06 | Build | House |
| 24:30 | Research | Scale Barding Armor |
| 24:30 | Research | Scale Barding Armor |
| 24:56 | Queue | Spearman |
| 24:58 | Queue | Militia |
| 25:04 | Queue | Steppe Lancer |
| 25:11 | Build | Watch Tower |
| 25:24 | Queue | Steppe Lancer |
| 25:56 | Queue | Villager (Male) |
| 25:57 | Queue | Villager (Male) |
| 25:59 | Build | Farm |
| 26:00 | Queue | Fishing Ship |
| 26:02 | Build | Fish Trap |
| 26:17 | Queue | Steppe Lancer |
| 26:25 | Build | House |
| 26:46 | Queue | Steppe Lancer |
| 26:47 | Queue | Villager (Male) |
| 26:47 | Queue | Villager (Male) |
| 27:19 | Queue | Steppe Lancer |
| 27:23 | Queue | Villager (Male) |
| 27:26 | Build | Fish Trap |
| 27:29 | Research | Tech 906 |
| 27:30 | Research | Tech 906 |
| 27:59 | Build | House |
Build order — KARA___
First 150 of 186 actions detected
| 0:01 | Queue | Villager (Male) |
| 0:01 | Queue | Villager (Male) |
| 0:02 | Build | House |
| 0:02 | Build | House |
| 0:20 | Queue | Villager (Male) |
| 0:32 | Queue | Villager (Male) |
| 1:28 | Queue | Villager (Male) |
| 1:45 | Build | Lumber Camp |
| 1:50 | Queue | Villager (Male) |
| 2:23 | Queue | Villager (Male) |
| 2:23 | Queue | Villager (Male) |
| 2:23 | Queue | Villager (Male) |
| 2:47 | Queue | Villager (Male) |
| 3:26 | Build | House |
| 3:33 | Queue | Villager (Male) |
| 4:03 | Queue | Villager (Male) |
| 4:31 | Queue | Villager (Male) |
| 4:46 | Build | Mining Camp |
| 4:49 | Queue | Villager (Male) |
| 5:19 | Queue | Villager (Male) |
| 5:46 | Queue | Villager (Male) |
| 5:53 | Build | House |
| 6:10 | Queue | Villager (Male) |
| 6:33 | Research | Feudal Age |
| 6:33 | Research | Feudal Age |
| 7:14 | Build | Barracks |
| 7:45 | Research | Loom |
| 8:10 | Build | House |
| 8:48 | Queue | Villager (Male) |
| 8:51 | Age | Feudal Age |
| 8:53 | Build | Archery Range |
| 9:01 | Build | Watch Tower |
| 9:07 | Research | Double-Bit Axe |
| 9:08 | Research | Double-Bit Axe |
| 9:14 | Build | Blacksmith |
| 9:32 | Queue | Villager (Male) |
| 9:40 | Queue | Archer |
| 9:40 | Queue | Archer |
| 9:57 | Research | Fletching |
| 9:58 | Research | Fletching |
| 10:03 | Queue | Archer |
| 10:08 | Queue | Villager (Male) |
| 10:11 | Build | Mining Camp |
| 10:20 | Queue | Villager (Male) |
| 10:44 | Queue | Villager (Male) |
| 11:06 | Queue | Villager (Male) |
| 11:18 | Queue | Archer |
| 11:29 | Queue | Villager (Male) |
| 11:33 | Build | Watch Tower |
| 11:52 | Build | House |
| 12:09 | Queue | Archer |
| 12:11 | Queue | Villager (Male) |
| 12:14 | Build | House |
| 12:32 | Queue | Villager (Male) |
| 12:40 | Build | Mill |
| 12:48 | Queue | Archer |
| 13:04 | Queue | Archer |
| 13:11 | Queue | Villager (Male) |
| 13:36 | Queue | Archer |
| 13:51 | Build | Watch Tower |
| 13:55 | Queue | Villager (Male) |
| 14:00 | Build | House |
| 14:10 | Research | Padded Archer Armor |
| 14:10 | Research | Padded Archer Armor |
| 14:12 | Queue | Villager (Male) |
| 14:37 | Queue | Villager (Male) |
| 14:49 | Queue | Villager (Male) |
| 14:51 | Build | Farm |
| 14:56 | Research | Horse Collar |
| 14:56 | Research | Horse Collar |
| 15:00 | Build | Farm |
| 15:01 | Queue | Villager (Male) |
| 15:03 | Build | Farm |
| 15:05 | Build | Farm |
| 15:22 | Build | Watch Tower |
| 15:29 | Queue | Archer |
| 15:33 | Build | Farm |
| 15:37 | Queue | Villager (Male) |
| 15:37 | Queue | Villager (Male) |
| 15:37 | Queue | Villager (Male) |
| 15:38 | Build | Farm |
| 15:48 | Queue | Archer |
| 15:51 | Research | Town Watch |
| 15:51 | Research | Town Watch |
| 15:59 | Build | Farm |
| 16:01 | Build | House |
| 16:24 | Queue | Villager (Male) |
| 16:39 | Queue | Villager (Male) |
| 16:45 | Build | Farm |
| 16:45 | Queue | Villager (Male) |
| 16:45 | Queue | Villager (Male) |
| 16:46 | Queue | Villager (Male) |
| 16:53 | Build | Watch Tower |
| 17:08 | Build | Farm |
| 17:13 | Build | House |
| 17:13 | Build | House |
| 17:20 | Queue | Villager (Male) |
| 17:24 | Queue | Archer |
| 17:24 | Queue | Archer |
| 17:52 | Queue | Villager (Male) |
| 17:57 | Build | Stone Wall |
| 17:57 | Build | Stone Wall |
| 18:09 | Queue | Villager (Male) |
| 18:13 | Build | Stone Wall |
| 18:14 | Build | Stone Wall |
| 18:17 | Build | Stone Wall |
| 18:33 | Build | Stone Wall |
| 18:37 | Queue | Archer |
| 18:53 | Queue | Spearman |
| 18:54 | Queue | Spearman |
| 18:56 | Build | House |
| 18:57 | Build | House |
| 19:07 | Queue | Archer |
| 19:07 | Queue | Archer |
| 19:27 | Queue | Archer |
| 19:28 | Queue | Archer |
| 19:41 | Queue | Archer |
| 19:57 | Queue | Villager (Male) |
| 19:57 | Queue | Villager (Male) |
| 19:58 | Queue | Villager (Male) |
| 20:04 | Build | Stone Wall |
| 20:06 | Build | Stone Wall |
| 20:09 | Build | Stone Wall |
| 20:12 | Queue | Archer |
| 20:27 | Build | Stone Wall |
| 20:28 | Build | Stone Wall |
| 20:29 | Build | Stone Wall |
| 20:56 | Queue | Villager (Male) |
| 20:57 | Queue | Archer |
| 21:12 | Queue | Villager (Male) |
| 21:27 | Queue | Archer |
| 21:46 | Build | House |
| 21:52 | Queue | Spearman |
| 21:52 | Queue | Spearman |
| 21:53 | Queue | Archer |
| 21:53 | Queue | Archer |
| 22:04 | Queue | Spearman |
| 22:08 | Build | Lumber Camp |
| 22:22 | Build | Stone Wall |
| 22:25 | Build | Stone Wall |
| 22:27 | Build | Stone Wall |
| 22:44 | Build | Watch Tower |
| 22:51 | Queue | Archer |
| 22:51 | Queue | Archer |
| 22:55 | Build | Stone Wall |
| 22:59 | Build | Stone Wall |
| 23:01 | Build | Stone Wall |
| 23:04 | Build | Stone Wall |
| 23:09 | Build | Stone Wall |
| 23:14 | Queue | Archer |
Match timeline
| 0:42 | WhiteForest · wall_segment Palisade Wall x6 |
| 1:14 | WhiteForest · wall_segment Palisade Wall x1 |
| 4:55 | WhiteForest · first_building Dock |
| 7:14 | KARA___ · first_building Barracks |
| 7:52 | WhiteForest · wall_segment Palisade Wall x1 |
| 8:51 | KARA___ · age_up feudal |
| 8:53 | KARA___ · first_building Archery Range |
| 9:01 | WhiteForest · wall_segment Palisade Wall x6 |
| 9:25 | WhiteForest · wall_segment Palisade Wall x3 |
| 9:41 | WhiteForest · wall_segment Palisade Wall x1 |
| 10:05 | WhiteForest · wall_segment Palisade Wall x5 |
| 10:29 | WhiteForest · wall_segment Palisade Wall x5 |
| 10:59 | WhiteForest · age_up feudal |
| 13:45 | WhiteForest · first_building Barracks |
| 14:44 | WhiteForest · age_up castle |
| 14:46 | WhiteForest · first_market_sell 100 food |
| 14:47 | WhiteForest · first_market_buy 100 wood |
| 15:00 | WhiteForest · first_building Stable |
| 15:04 | WhiteForest · first_building Siege Workshop |
| 17:57 | KARA___ · wall_segment Stone Wall x1 |
| 17:57 | KARA___ · wall_segment Stone Wall x1 |
| 18:13 | KARA___ · wall_segment Stone Wall x1 |
| 18:14 | KARA___ · wall_segment Stone Wall x1 |
| 18:17 | KARA___ · wall_segment Stone Wall x1 |
| 18:33 | KARA___ · wall_segment Stone Wall x1 |
| 20:04 | KARA___ · wall_segment Stone Wall x1 |
| 20:06 | KARA___ · wall_segment Stone Wall x1 |
| 20:09 | KARA___ · wall_segment Stone Wall x1 |
| 20:27 | KARA___ · wall_segment Stone Wall x4 |
| 20:28 | KARA___ · wall_segment Stone Wall x1 |
| 20:29 | KARA___ · wall_segment Stone Wall x1 |
| 22:22 | KARA___ · wall_segment Stone Wall x1 |
| 22:25 | KARA___ · wall_segment Stone Wall x1 |
| 22:27 | KARA___ · wall_segment Stone Wall x1 |
| 22:55 | KARA___ · wall_segment Stone Wall x1 |
| 22:59 | KARA___ · wall_segment Stone Wall x1 |
| 23:01 | KARA___ · wall_segment Stone Wall x1 |
| 23:04 | KARA___ · wall_segment Stone Wall x1 |
| 23:09 | KARA___ · wall_segment Stone Wall x1 |
| 23:39 | KARA___ · first_building Stable |
| 28:00 | KARA___ · resign |
[ AI ANALYSIS · 1 CREDIT ]
What really happened in this match?
Wolo.gg analyzes every decision: build order, eco, micro, common mistakes by bracket. Personalized analysis on WhatsApp or Discord in 30 seconds.
Civ guide
Mongols
Perfil
Jugador #707749